 Dungeon Crawl Stone Soup version 0.24.0-123-gd5b16e6ec5 (webtiles) character file.

Game seed: 15374995537381678509, levelgen mode: deterministic

24292 Elellon the Severer (level 13, -5/117 HPs)
             Began as a Hill Orc Fighter on Jan 13, 2020.
             Was the Champion of Okawaru.
             Slain by a tentacled starspawn (22 damage)
             ... on level 1 of the Abyss.
             The game lasted 00:24:03 (14434 turns).

Elellon the Severer (Hill Orc Fighter)             Turns: 14434, Time: 00:24:03

Health: -5/117     AC: 16    Str: 27    XL:     13   Next: 12%
Magic:  22/22      EV:  9    Int:  8    God:    Okawaru [******]
Gold:   1081       SH: 13    Dex: 12    Spells: 12/12 levels left

rFire    . . .     SeeInvis .   K - +8 mithril axe "Arga" {speed, MR+}
rCold    . . .     Gourm    .   c - +0 shield
rNeg     + . .     Faith    .   Q - +1 scale mail of the Crypt {+Blink rElec rN+}
rPois    .         Spirit   .   O - +0 helmet "Juvam" {rCorr MP+9 Dex+2} (curse)
rElec    +         Reflect  .   p - +0 cloak
rCorr    +         Harm     .   w - +1 pair of gloves {Str+3}
MR       +....                  y - +0 pair of boots
Stlth    ..........             (no amulet)
HPRegen  0.29/turn              (no ring)
MPRegen  0.18/turn              (no ring)

@: no status effects
A: blurry vision 1
a: Heroism, Finesse, Renounce Religion, Evoke Blink


You were on level 1 of the Abyss.
You worshipped Okawaru.
Okawaru was exalted by your worship.
You were hungry.

You visited 2 branches of the dungeon, and saw 13 of its levels.
You visited the Abyss 1 time.

You collected 1125 gold pieces.
You spent 44 gold pieces at shops.

Inventory:

Hand Weapons
 x - the +7 hunting sling of Ophatzua {freeze, MR++, unknown}
   (You found it on level 6 of the Dungeon)

   It causes projectiles fired from it to freeze those they strike, causing
   extra injury to most foes and up to half again as much damage against
   particularly susceptible opponents.
   They can also slow down cold-blooded creatures.
   It affects your resistance to hostile enchantments.
 K - the +8 mithril axe "Arga" (weapon) {speed, MR+}
   (You found it on level 8 of the Dungeon)

   Attacks with this weapon are significantly faster.
   It affects your resistance to hostile enchantments.
Missiles
 D - 27 sling bullets
Armour
 c - a +0 shield (worn)
 p - a +0 cloak (worn)
 w - a +1 pair of gloves of strength (worn)
 y - a +0 pair of boots (worn)
 O - the cursed +0 helmet "Juvam" (worn) {rCorr MP+9 Dex+2}
   (You found it on level 10 of the Dungeon)

   It affects your dexterity (+2).
   It affects your magic capacity (+9).
   It provides partial protection from all sources of acid and corrosion.
   It has a curse placed upon it.
 Q - the +1 scale mail of the Crypt (worn) {+Blink rElec rN+}
   (Okawaru gifted it to you on level 12 of the Dungeon)

   It insulates you from electricity.
   It protects you from negative energy.
   It lets you blink.
Jewellery
 v - a +3 ring of protection {unknown}
 I - a +2 ring of dexterity {unknown}
 J - a +3 ring of dexterity {unknown}
Wands
 F - a wand of disintegration (12)
 G - a wand of acid (10)
 M - a wand of iceblast (6)
 P - a wand of polymorph (8)
 R - a wand of scattershot (3)
 S - a wand of paralysis (5)
 U - a wand of random effects (13)
Scrolls
 e - 2 scrolls of fog {unknown}
 g - a scroll of random uselessness {unknown}
 j - 7 scrolls of identify
 k - 8 scrolls of teleportation
 m - 2 scrolls of noise {unknown}
 q - 3 scrolls of remove curse {unknown}
 r - 2 scrolls of enchant weapon {unknown}
 t - 2 scrolls of enchant armour {unknown}
 E - a scroll of torment {unknown}
 H - a scroll of blinking {unknown}
 L - a scroll of holy word {unknown}
Potions
 a - a potion of ambrosia {unknown}
 b - a potion of experience {unknown}
 d - 3 potions of might
 h - 4 potions of heal wounds
 i - 2 potions of agility {unknown}
 l - a potion of invisibility {unknown}
 n - 9 potions of curing
 o - a potion of cancellation {unknown}
 s - a potion of mutation {unknown}
 u - 3 potions of berserk rage {unknown}
 z - 3 potions of haste {unknown}
 A - a potion of magic {unknown}
 B - a potion of flight {unknown}
 C - 3 potions of brilliance {unknown}
 N - a potion of resistance {unknown}
Comestibles
 f - 25 rations


   Skills:
 + Level 11.7 Fighting
 * Level 17.6 Axes
 + Level 10.8 Armour
 + Level 10.8 Shields


You had 12 spell levels left.
You didn't know any spells.
Your spell library contained the following spells:

 Spells                   Type           Power        Failure   Level  Hunger
 Corona                   Hex            #......      80%         1    ##.....
 Sting                    Conj/Pois      #...         80%         1    ##.....
 Ensorcelled Hibernation  Hex/Ice        #.....       91%         2    ###....
 Poisonous Vapours        Pois/Air       #.....       91%         2    ###....
 Confuse                  Hex            #.......     99%         3    ####...
 Dazzling Spray           Conj/Hex       #.....       99%         3    ####...
 Mephitic Cloud           Conj/Pois/Air  #.......     99%         3    ####...
 Tukima's Dance           Hex            #.......     99%         3    ####...
 Olgreb's Toxic Radiance  Pois           #.......     100%        4    #####..
 Venom Bolt               Conj/Pois      #.........   100%        5    ######.


Dungeon Overview and Level Annotations

Branches:
Dungeon (12/15)            Temple (0/1) D:7            Lair (0/6) D:9
    Orc (1/2) D:9

Altars:
Fedhas
Makhleb
Okawaru
Qazlal
Ru
Trog
Uskayaw
The Shining One

Shops:
D:7 !

Portals:
Trove: D:11 (give 17 potions of curing)

Annotations:
D:12 1 runed translucent door
Orc:1 Sonja


Innate Abilities, Weirdness & Mutations

Scrolls take you a little longer to read.


Message History

You slash the starspawn tentacle!
The starspawn tentacle is moderately damaged.
You slash the hellwing! You slice the raiju!!
You kill the raiju!
Okawaru accepts your kill.
You barely miss the tentacled starspawn.
A chorus of shrieks assaults your mind.
The hellwing hits you but does no damage.
You block the hellwing's attack.
You slash the starspawn tentacle!
You destroy the starspawn tentacle!
You hit the tentacled starspawn. You hit the hellwing but do no damage.
You block the tentacled starspawn's attack.
The tentacled starspawn completely misses you.
The freezing wraith hits you! The freezing wraith freezes you!!
* * * LOW HITPOINT WARNING * * *
The freezing wraith hits you!
* * * LOW HITPOINT WARNING * * *
The tentacled starspawn bites you!!
You die...

..###..# #...#..#..
..... ...## # ......## .
... .. ##.#.....#
..#...#.....§
#........##....+........
.#.......#..X... #. ..
......∩..##.X..# .. #
#...#@#.XXX..##...##.
#WX4h..$..... . .
#w#######.# #.### ##
#...######.# # #.. .#.
#... #.. # ...# . . . .
#.. # # ##.. # .. .# ..
. .#


You could see a tentacled starspawn, a hellwing, a freezing wraith, a raiju and
a starspawn tentacle.

Vanquished Creatures
  2 rakshasas (Abyss:1)
  A death knight (D:12)
  A two-headed ogre (D:11)
  2 hell knights (D:12)
  5 skeletal warriors
  A phantasmal warrior (D:12)
  A necromancer (D:12)
  An orc sorcerer (Orc:1)
  2 orc knights (Orc:1)
  A manticore (D:11)
  A worldbinder (Abyss:1)
  2 cyclopes
  A rust devil (D:12)
  A centaur skeleton (D:10)
  2 smoke demons (Abyss:1)
  A gargoyle (D:12)
  A komodo dragon (D:10)
  2 tengu conjurers (D:12)
  A large abomination (Abyss:1)
  A troll (D:9)
  2 hornets (D:11)
  A hippogriff (D:8)
  4 raiju (Abyss:1)
  Sigmund (D:6)
  A basilisk (D:12)
  A vampire (D:12)
  A wyvern (D:12)
  A ynoxinul (Abyss:1)
  A hungry ghost (D:5)
  2 wraiths
  A neqoxec (Abyss:1)
  A chaos spawn (Abyss:1)
  An acid dragon (D:12)
  2 wargs
  A soldier ant (D:11)
  6 hell hounds (D:12)
  2 water moccasins
  15 orc warriors
  3 sky beasts
  3 phantoms
  An ice beast (D:10)
  2 black bears
  2 eyes of draining
  A necrophage (D:10)
  4 ogres
  8 centaurs
  2 big kobolds
  9 bullfrogs
  A wyvern zombie (D:11)
  A water moccasin zombie (D:6)
  A wyvern skeleton (D:10)
  7 scorpions
  10 killer bees
  2 howler monkeys
  8 crimson imps
  2 centaur zombies
  2 quasits
  2 bullfrog zombies
  7 hounds
  A bullfrog skeleton (D:10)
  A jelly (D:9)
  9 orc priests
  Terence (D:2)
  19 orc wizards
  6 iguanas
  6 worker ants
  A small abomination (Abyss:1)
  A hound zombie (D:7)
  A hound skeleton (D:11)
  7 gnolls
  11 adders
  A shadow imp (D:9)
  2 oozes
  3 adder skeletons
  2 worms
  12 dart slugs
  3 leopard geckos
  55 orcs
  6 bats
  5 giant cockroaches
  6 hobgoblins (D:1)
  10 jackals
  19 kobolds
  4 quokkas
  A ball python (D:4)
  7 frilled lizards
  8 goblins
  A jackal skeleton (D:6)
  A leopard gecko skeleton (D:7)
  A quokka zombie (D:6)
  8 rats
  2 starspawn tentacles (Abyss:1)
373 creatures vanquished.

Vanquished Creatures (others)
  4 killer bees (D:11)
4 creatures vanquished.

Grand Total: 377 creatures vanquished

Notes
Turn   | Place    | Note
-------+----------+-------------------------------------------
     0 | D:1      | Elellon the Hill Orc Fighter began the quest for the Orb.
     0 | D:1      | Reached XP level 1. HP: 19/19 MP: 1/1
     1 | D:1      | Found a runed translucent door.
     9 | D:1      | Reached skill level 3 in Axes
    17 | D:1      | Reached XP level 2. HP: 22/26 MP: 2/2
   181 | D:1      | Reached skill level 4 in Axes
   435 | D:1      | Reached XP level 3. HP: 26/31 MP: 3/3
   886 | D:1      | Reached skill level 5 in Axes
   930 | D:2      | Reached XP level 4. HP: 27/39 MP: 4/4
  1302 | D:2      | Noticed Terence
  1308 | D:2      | Killed Terence
  1308 | D:2      | Reached skill level 6 in Axes
  1836 | D:3      | Reached XP level 5. HP: 45/45 MP: 5/5
  1906 | D:3      | Found a sacrificial altar of Ru.
  1916 | D:3      | Reached skill level 7 in Axes
  2229 | D:3      | Found a stormy altar of Qazlal.
  2873 | D:4      | Reached skill level 8 in Axes
  2873 | D:4      | Reached XP level 6. HP: 48/51 MP: 6/6
  2893 | D:4      | Found an iron altar of Okawaru.
  3001 | D:4      | Found a blossoming altar of Fedhas.
  3331 | D:4      | Noticed a phantom
  3349 | D:4      | Became a worshipper of Warmaster Okawaru
  3367 | D:4      | Killed a phantom
  3407 | D:4      | Noticed a phantom
  3449 | D:4      | Killed a phantom
  3449 | D:4      | Reached XP level 7. HP: 45/59 MP: 7/7
  3538 | D:4      | Found an iron altar of Okawaru.
  3538 | D:4      | Found a bloodstained altar of Trog.
  3827 | D:5      | Entered Level 5 of the Dungeon
  3836 | D:5      | Reached skill level 9 in Axes
  3936 | D:5      | Reached * piety under Okawaru
  4361 | D:5      | Noticed a hungry ghost
  4397 | D:5      | Paralysed by fainting for 7 turns
  4416 | D:5      | Killed a hungry ghost
  4416 | D:5      | Reached skill level 5 in Fighting
  4416 | D:5      | Reached XP level 8. HP: 50/68 MP: 8/8
  4493 | D:5      | Reached skill level 10 in Axes
  4744 | D:5      | Found a hide-covered altar of Uskayaw.
  4844 | D:5      | Reached skill level 5 in Armour
  4844 | D:5      | Reached skill level 5 in Shields
  5395 | D:6      | Got a bone hunting sling
  5403 | D:6      | Noticed Sigmund
  5411 | D:6      | Killed Sigmund
  5411 | D:6      | Reached ** piety under Okawaru
  5423 | D:6      | Found a glowing golden altar of the Shining One.
  5567 | D:6      | Reached skill level 11 in Axes
  5910 | D:6      | Reached XP level 9. HP: 63/75 MP: 9/9
  6522 | D:7      | Found a staircase to the Ecumenical Temple.
  6564 | D:7      | Reached *** piety under Okawaru
  6945 | D:7      | Found Iplokues's Distillery.
  6951 | D:7      | Bought a potion of degeneration for 11 gold pieces
  6951 | D:7      | Bought a potion of curing for 33 gold pieces
  7163 | D:8      | Reached skill level 12 in Axes
  7316 | D:8      | Found the +8 mithril axe "Arga" {speed, MR+}
  7520 | D:8      | Reached **** piety under Okawaru
  7817 | D:8      | Reached XP level 10. HP: 86/86 MP: 10/10
  8155 | D:9      | Found a staircase to the Lair.
  8168 | D:9      | Reached skill level 13 in Axes
  8377 | D:9      | Found a staircase to the Orcish Mines.
  8896 | D:10     | Entered Level 10 of the Dungeon
  8957 | D:10     | Reached ***** piety under Okawaru
  9143 | D:10     | Got a distressingly furry helmet
  9148 | D:10     | Identified the cursed +0 helmet "Juvam" {rCorr MP+9 Dex+2}
                  | (You found it on level 10 of the Dungeon)
  9409 | D:10     | Reached skill level 14 in Axes
  9734 | D:11     | Noticed a cyclops
  9741 | D:11     | Killed a cyclops
  9744 | D:11     | Reached XP level 11. HP: 60/96 MP: 11/11
 10020 | D:11     | Noticed a two-headed ogre
 10030 | D:11     | Killed a two-headed ogre
 10062 | D:11     | Found a portal to a secret trove of treasure.
 10099 | D:11     | Noticed a manticore
 10114 | D:11     | Killed a manticore
 10114 | D:11     | Reached ****** piety under Okawaru
 10698 | D:11     | Paralysed by a hornet for 2 turns
 10903 | D:12     | Noticed a skeletal warrior
 10903 | D:12     | Noticed a skeletal warrior
 10903 | D:12     | Noticed a skeletal warrior
 10903 | D:12     | Noticed a skeletal warrior
 10903 | D:12     | Noticed a skeletal warrior
 10917 | D:11     | Killed a skeletal warrior
 10917 | D:11     | Received a gift from Okawaru
 10917 | D:11     | Reached skill level 15 in Axes
 10935 | D:11     | Killed a skeletal warrior
 11334 | D:12     | Reached skill level 10 in Fighting
 11503 | D:12     | Noticed a skeletal warrior
 11516 | D:12     | Killed a skeletal warrior
 11530 | D:12     | Noticed a death knight
 11531 | D:12     | Noticed a phantasmal warrior
 11556 | D:12     | Killed a death knight
 11556 | D:12     | Received a gift from Okawaru
 11561 | D:12     | Killed a phantasmal warrior
 11561 | D:12     | Reached XP level 12. HP: 106/106 MP: 12/12
 11607 | D:12     | Reached skill level 16 in Axes
 11952 | D:12     | Noticed a hell knight
 11971 | D:12     | Killed a hell knight
 11971 | D:12     | Reached skill level 10 in Shields
 11979 | D:12     | Received a gift from Okawaru
 11979 | D:12     | Reached skill level 10 in Armour
 11984 | D:12     | Got a scorched scale mail {god gift}
 11994 | D:12     | Identified the +1 scale mail of the Crypt {+Blink rElec
                  | rN+} (Okawaru gifted it to you on level 12 of the Dungeon)
 12140 | D:12     | Found a runed translucent door.
 12276 | D:12     | Noticed a great orb of eyes
 12276 | D:12     | Noticed a hell knight
 12714 | Orc:1    | Entered Level 1 of the Orcish Mines
 13686 | Orc:1    | Reached skill level 17 in Axes
 13796 | Orc:1    | Found a burning altar of Makhleb.
 13845 | Orc:1    | Noticed Sonja
 13876 | Orc:1    | Cast into level 1 of the Abyss (Sonja)
 13877 | Abyss:1  | Found a corrupted altar of Lugonu.
 13904 | Abyss:1  | Gained mutation: Scrolls take you a little longer to read.
                  | [a neqoxec]
 13947 | Abyss:1  | Noticed a bone dragon
 14151 | Abyss:1  | Noticed a rakshasa
 14163 | Abyss:1  | Killed a rakshasa
 14241 | Abyss:1  | Reached XP level 13. HP: 78/116 MP: 13/13
 14348 | Abyss:1  | Noticed a rakshasa
 14356 | Abyss:1  | Killed a rakshasa
 14417 | Abyss:1  | Noticed a tentacled starspawn
 14420 | Abyss:1  | Noticed a starcursed mass
 14426 | Abyss:1  | Noticed a starcursed mass
 14434 | Abyss:1  | Slain by a tentacled starspawn

Levels and vault maps discovered:
D:1:      dpeg_arrival_caged_fury, layout_basic
D:2:      layout_loops_cross, feat_on_display, uniq_terence
D:3:      kennysheep_slugbush, layout_rooms, overflow_temple_1_default,
          grunt_qazlal_sundering, mrwooster_statue_mirror
D:4:      layout_gridville, kennysheep_mini_moat,
          grunt_temple_overflow_bloody_war, okawaru_gym_becter
D:5:      layout_layer_cave, eat_drink_and_be_merry_uskayaw, first_ration,
          feat_on_display
D:6:      minmay_razor_zed, layout_basic, tso_oasis_becter, uniq_sigmund
D:7:      layout_loops_ring, minmay_temple_entry_large_hall, serial_shops,
          nicolae_shop_trees
D:8:      layout_loops_corners
D:9:      layout_loops_ring, lair_entry_dummy, erik_orc_3
D:10:     layout_grid_maze
D:11:     layout_long_grid, enter_trove_0, hangedman_pestilent_swarm,
          lemuel_nasty_fountain
D:12:     mludivico_vault, layout_irregular_city
Orc:1:    layout_caves, serial_shops, shop, basic_altar, uniq_sonja
Abyss:1:  base: Lair:3, hangedman_abyss_batty_box

Skill      XL: |  1  2  3  4  5  6  7  8  9 10 11 12 |
---------------+-------------------------------------+-----
Axes           | 3 4 5 6 8 9 11 12 14 15 17 | 17.6
Fighting       | 4 5 6 7 9 10 11 | 11.7
Armour         | 4 5 6 8 9 10 | 10.8
Shields        | 4 5 6 8 9 10 | 10.8

Action                   |  1- 3 |  4- 6 |  7- 9 | 10-12 | 13-15 || total
-------------------------+-------+-------+-------+-------+-------++-------
Melee: War axe           |   123 |   173 |   359 |       |       ||   655
       Broad axe         |       |       |    36 |   571 |    41 ||   648
Invok: Heroism           |       |       |       |     4 |       ||     4
       Finesse           |       |       |       |     1 |       ||     1
  Use: Scroll            |       |     2 |       |       |       ||     2
       Potion            |       |       |       |     1 |     2 ||     3
  Eat: Chunk             |       |     7 |     9 |    17 |       ||    33
       Ration            |       |       |     3 |     1 |       ||     4
Armor: Scale mail        |    51 |    52 |   101 |    34 |    10 ||   248
       Chain mail        |       |       |    70 |   105 |       ||   175
Dodge: Dodged            |    39 |    54 |    71 |    84 |     8 ||   256
Block: Shield            |    63 |    67 |   180 |   214 |    15 ||   539
